 Dungeon Crawl Stone Soup version 0.24-a0-736-g4e6fe308c7 (webtiles) character file.

Game seed: 973087344106845474, levelgen mode: deterministic

30 Kiporshnikov the Chopper (level 3, -3/29 HPs)
             Began as a Human Berserker on Oct 2, 2019.
             Was a Follower of Trog.
             Slain by a worm (9 damage)
             ... on level 3 of the Dungeon.
             The game lasted 00:03:29 (783 turns).

Kiporshnikov the Chopper (Human Berserker)           Turns: 783, Time: 00:03:30

Health: -3/29      AC:  6    Str: 18    XL:     3   Next: 37%
Magic:  3/3        EV: 10    Int:  7    God:    Trog [*.....]
Gold:   15         SH:  0    Dex: 12    Spells: 2/2 levels left

rFire    . . .     SeeInvis .   a - +0 hand axe
rCold    . . .     Gourm    .   (no shield)
rNeg     . . .     Faith    .   d - +0 scale mail
rPois    .         Spirit   .   (no helmet)
rElec    .         Reflect  .   (no cloak)
rCorr    .         Harm     .   (no gloves)
MR       .....                  (no boots)
Stlth    ..........             (no amulet)
HPRegen  0.09/turn              (no ring)
MPRegen  0.08/turn              (no ring)

@: no status effects
A: no striking features
a: Berserk, Renounce Religion


You were on level 3 of the Dungeon.
You worshipped Trog.
Trog was aware of your devotion.
You were not hungry.

You visited 1 branch of the dungeon, and saw 4 of its levels.

You collected 15 gold pieces.

Inventory:

Hand Weapons
 a - a +0 hand axe (weapon)
Armour
 b - a +0 animal skin
 d - a +0 scale mail (worn)
Jewellery
 e - a cursed ring of protection from fire {unknown}
 g - a +4 ring of evasion {unknown}
Scrolls
 f - a scroll of fear {unknown}
 i - a scroll of fog
 j - a scroll of teleportation
Potions
 h - 2 potions of might {unknown}
 l - a potion of lignification {unknown}
Comestibles
 c - 3 rations


   Skills:
 + Level 3.3 Fighting
 + Level 3.6 Axes
 + Level 2.2 Armour
 + Level 2.2 Dodging


You had 2 spell levels left.
You didn't know any spells.
Your spell library was empty.

Dungeon Overview and Level Annotations

Branches:
Dungeon (4/15)
 Temple: D:4-7

Altars:
Kikubaaqudgha


Message History

The worm is severely wounded.
The worm bites you but does no damage.
You hit the worm.
The worm is severely wounded.
You hit the worm but do no damage.
The worm is severely wounded.
The worm bites you but does no damage.
You barely miss the worm.
The worm is severely wounded.
The worm bites you!
* * * LOW HITPOINT WARNING * * *
You hit the worm.
The worm is severely wounded.
You hit the worm but do no damage.
The worm is severely wounded.
The worm barely misses you.
A kobold comes into view. It is wielding a +0 short sword.
The kobold shouts!
The worm bites you!
You die...

#.#.# #.# #....# #.#
...#..# #.# #.# ...#
#.# # # ###.#
#.####.## #.#
###......K. #.#
#.......... .# #..
#..@.# . ### #.w#.#
#. ##..#.# #..
#.....# #..###
#...### ##..... #...#
#..# #...... #...#
#..# #...##.
#...######..# #......
#....<..........#.##.


You could see a worm and a kobold.

Vanquished Creatures
  An adder (D:2)
  2 bats
  2 goblins
  A hobgoblin (D:3)
  8 jackals
  A ball python (D:2)
  2 frilled lizards
  2 rats (D:2)
19 creatures vanquished.

Notes
Turn   | Place    | Note
-------+----------+-------------------------------------------
     0 | D:1      | Kiporshnikov the Human Berserker began the quest for the
                  | Orb.
     0 | D:1      | Reached XP level 1. HP: 18/18 MP: 1/1
    17 | D:1      | You fall into a shaft and drop 1 floor!
    78 | D:3      | Reached XP level 2. HP: 19/24 MP: 2/2
   185 | D:4      | Found an ancient bone altar of Kikubaaqudgha.
   188 | D:4      | Noticed an ogre
   201 | D:4      | Noticed a scorpion
   546 | D:2      | Reached XP level 3. HP: 29/29 MP: 3/3
   763 | D:2      | You fall into a shaft and drop 1 floor!
   783 | D:3      | Slain by a worm

Levels and vault maps discovered:
D:1:      matt_arrival_diagonals, layout_basic
D:2:      layout_loops_cross, gammafunk_temple_overflow_arena
D:3:      layout_loops_ring, first_ration, gup_sewer_entry_spiral,
          kennysheep_generic_room_15
D:4:      layout_basic, kiku_gazebo_garden_becter, minmay_temple_entry_offerings

Action                   || total
-------------------------++-------
Melee: Hand axe          ||    92
  Use: Scroll            ||     2
Armor: Scale mail        ||    49
Dodge: Dodged            ||    70

Table legend:
 A = Non-vault XP
 B = Vault XP
 C = Vault XP percentage of total XP
 D = Non-vault monster count
 E = Vault monster count
 F = Vault count percentage of total count
                 A         B        C        D         E       F
            +---------+---------+-------+---------+---------+-------
      Total |      44 |       0 |   0.0 |      19 |       0 |   0.0
            +---------+---------+-------+---------+---------+-------
        D:2 |      29 |       0 |   0.0 |      11 |       0 |   0.0
        D:3 |      15 |       0 |   0.0 |       8 |       0 |   0.0
            +---------+---------+-------+---------+---------+-------
